 Dungeon Crawl Stone Soup version 0.22.0 (webtiles) character file.

71 Curus the Chopper (level 4, -4/37 HPs)
             Began as a Minotaur Gladiator on Aug 10, 2018.
             Killed from afar by Natasha (9 damage)
             ... with a magic dart
             ... on level 2 of the Dungeon.
             The game lasted 00:04:45 (1060 turns).

Curus the Chopper (Minotaur Gladiator)              Turns: 1060, Time: 00:04:46

Health: -4/37      AC:  3    Str: 22    XL:     4   Next: 5%
Magic:  3/3        EV: 13    Int:  6    God:
Gold:   75         SH:  0    Dex: 12    Spells: 3/3 levels left

rFire    + . .     SeeInvis .   a - +1 war axe
rCold    + . .     Gourm    .   (no shield)
rNeg     . . .     Faith    .   b - +0 leather armour
rPois    .         Spirit   .   c - +0 hat
rElec    .         Reflect  .   e - scarf {rC+ rF+}
rCorr    .         Harm     .   (no gloves)
MR       .....                  (no boots)
Stlth    +.........             (no amulet)
HPRegen  0.12/turn              i - +4 ring of strength
MPRegen  0.08/turn              (no ring)

@: very slightly contaminated
A: retaliatory headbutt, horns 2
a: no special abilities


You were on level 2 of the Dungeon.
You were not hungry.

You visited 1 branch of the dungeon, and saw 2 of its levels.

You collected 75 gold pieces.

Inventory:

Hand Weapons
 a - a +1 war axe (weapon)
Missiles
 d - 3 throwing nets (quivered)
Armour
 b - a +0 leather armour (worn)
 c - a +0 hat (worn)
 e - a scarf of resistance (worn)
Jewellery
 i - a +4 ring of strength (left hand)
Scrolls
 g - a scroll of identify
Comestibles
 f - a ration


   Skills:
 - Level 2.4 Fighting
 + Level 6.0 Axes
 - Level 2.0 Throwing
 - Level 3.2 Dodging


You had 3 spell levels left.
You didn't know any spells.
Your spell library was empty.

Dungeon Overview and Level Annotations

Branches:
Dungeon (2/15)

Altars:

Annotations:
D:2 Natasha


Innate Abilities, Weirdness & Mutations

You reflexively headbutt those who attack you in melee.
You have a pair of horns on your head.


Message History

Natasha closely misses you.
You barely miss Natasha. Your headbutt misses Natasha.
Natasha is severely wounded.
You hit the white imp.
The white imp hits you but does no damage.
Natasha claws you.
You barely miss Natasha. You headbutt Natasha, but do no damage.
Natasha is severely wounded.
You hit the white imp but do no damage. The white imp barely misses you.
Natasha claws you!
* * * LOW HITPOINT WARNING * * *
The white imp gestures at you. The puff of frost hits you! You resist.
* * * LOW HITPOINT WARNING * * *
Natasha casts a spell at you. The magic dart hits you!
* * * LOW HITPOINT WARNING * * *
Natasha stares at you and mumbles some strange words.
The magic dart hits you!
You die...

#.........÷........
#.................. #
##........†......... #.
+.........#+###.....
#...###.......#......###
#.......#.....#......###
...#.##.#.....#........#
. #...<#..............#
....####@#.....##........
#......5h#............#..
.......###.........####..
....... .................
................##..)....
#...........###.....†....
...≈... .?.. #..........
..≈⌠... #....####..
..≈≈≈.. #...... #...


You could see Natasha and a white imp.

Vanquished Creatures
  Terence (D:2)
  An ooze (D:1)
  2 worms (D:2)
  2 leopard geckos (D:2)
  A giant cockroach (D:1)
  3 goblins (D:1)
  5 hobgoblins (D:1)
  11 bats
  3 frilled lizards
  2 kobolds (D:1)
  6 rats
37 creatures vanquished.

Notes
Turn   | Place    | Note
-------+----------+-------------------------------------------
     0 | D:1      | Curus the Minotaur Gladiator began the quest for the Orb.
     0 | D:1      | Reached XP level 1. HP: 18/18 MP: 0/0
   134 | D:1      | Reached skill level 4 in Axes
   174 | D:1      | Reached XP level 2. HP: 25/25 MP: 1/1
   507 | D:1      | Reached skill level 5 in Axes
   605 | D:1      | Reached XP level 3. HP: 24/30 MP: 2/2
   924 | D:2      | Noticed Terence
   934 | D:2      | Killed Terence
   942 | D:2      | Reached XP level 4. HP: 15/37 MP: 3/3
   993 | D:2      | Reached skill level 6 in Axes
  1050 | D:2      | Noticed Natasha
  1060 | D:2      | Killed from afar by Natasha

Skill      XL: |  1  2  3  4 |
---------------+-------------+-----
Axes           | 4 5 6 |  6.0
Fighting       | |  2.4
Throwing       | |  2.0
Dodging        | |  3.2

Action                   |  1- 3 |  4- 6 || total
-------------------------+-------+-------++-------
Melee: War axe           |    86 |    11 ||    97
       Headbutt          |    10 |     2 ||    12
  Use: Scroll            |     4 |     1 ||     5
       Potion            |     3 |     1 ||     4
  Eat: Chunk             |       |     1 ||     1
Armor: Leather armour    |    31 |     4 ||    35
Dodge: Dodged            |    64 |     4 ||    68
